 Dungeon Crawl Stone Soup version 0.18-a0-1745-gffa9a88 (webtiles) character file.

3017 andalon the Cleaver (level 9, -3/82 HPs)
             Began as a Minotaur Berserker on Apr 11, 2016.
             Was an Elder of Trog.
             Slain by an orc warrior
             ... wielding a +0 hand axe
              (6 damage)
             ... on level 7 of the Dungeon.
             The game lasted 00:49:53 (6349 turns).

andalon the Cleaver (Minotaur Berserker)            Turns: 6349, Time: 00:49:54

Health: -3/82      AC: 17    Str: 25    XL:     9   Next: 55%
Magic:  8/8        EV: 10    Int:  4    God:    Trog [****..]
Gold:   971        SH:  0    Dex: 10    Spells: 0 memorised, 8 levels left

rFire  + . .     SeeInvis .     m - +2 war axe
rCold  . . .     Gourm    .     i - +0 chain mail
rNeg   . . .     Faith    .     (no shield)
rPois  .         Spirit   .     (helmet restricted)
rElec  .         Dismiss  .     (no cloak)
rCorr  .         Reflect  .     g - +2 pair of gloves
SustAt .         Harm     .     q - +1 pair of boots
MR     .....     Clarity  +     (no amulet)
Stlth  ..........               (no ring)
                                (no ring)

@: not resistant to hostile enchantments, extremely unstealthy
A: retaliatory headbutt, horns 2, icy blue scales 1, clarity, fire resistance 1
a: Berserk, Trog's Hand, Brothers in Arms, Burn Spellbooks, Renounce Religion


You were on level 7 of the Dungeon.
You worshipped Trog.
Trog was greatly pleased with you.
You were not hungry.

You visited 1 branch of the dungeon, and saw 7 of its levels.

You collected 971 gold pieces.

Inventory:

Hand Weapons
 a - a +1 hand axe
 m - a +2 war axe (weapon)
 o - a +0 vampiric whip
 x - a +0 blowgun
 K - a +2 quarterstaff of protection
Missiles
 e - 3 tomahawks
 l - 37 poisoned needles
 p - 155 stones (quivered)
 u - 2 curare-tipped needles
 w - 3 tomahawks of dispersal
 B - 5 needles of sleeping
 E - 3 javelins of returning
Armour
 b - a +0 animal skin
 g - a +2 pair of gloves (worn)
 i - a +0 chain mail (worn)
 q - a +1 pair of boots (worn)
 v - a +0 pair of gloves
 A - a +0 plate armour
 G - a +0 buckler
Jewellery
 J - an uncursed ring of resist corrosion {unknown}
Wands
 y - a wand of iceblast (10/15)
 C - a wand of flame (25/48)
 I - a wand of confusion (37/48)
 M - a wand of iceblast (10/15)
Scrolls
 k - a scroll of enchant weapon
 s - 2 scrolls of identify
 t - 7 scrolls of remove curse
 D - 2 scrolls of teleportation
 L - 2 scrolls of magic mapping
Potions
 f - 5 potions of curing
 j - a potion of lignification
 n - a potion of mutation
 z - a potion of flight
Books
 r - a book of Hinderance

   Spells                             Type                      Level
   a - Confusing Touch                Hexes                        2
   b - Confuse                        Hexes                        3
   c - Gell's Gravitas                Hexes/Translocation          3
   d - Petrify                        Transmutation/Earth          4
   e - Metabolic Englaciation         Hexes/Ice                    5
   f - Yara's Violent Unravelling     Hexes/Transmutation          5
   Trog disapproves of the use of such an item.
 F - a book of Spatial Translocations

   Spells                             Type                      Level
   a - Apportation                    Translocation                1
   b - Blink                          Translocation                2
   c - Shroud of Golubria             Charms/Translocation         2
   d - Portal Projectile              Translocation                3
   e - Teleport Other                 Translocation                3
   f - Passage of Golubria            Translocation                4
   Trog disapproves of the use of such an item.
 N - a book of Power

   Spells                             Type                      Level
   a - Fulminant Prism                Conjuration/Hexes            4
   b - Iskenderun's Mystic Blast      Conjuration                  4
   c - Venom Bolt                     Conjuration/Poison           5
   d - Bolt of Magma                  Conjuration/Fire/Earth       5
   e - Iron Shot                      Conjuration/Earth            6
   f - Orb of Destruction             Conjuration                  7
   g - Spellforged Servitor           Conjuration/Summoning        7
   Trog disapproves of the use of such an item.
Comestibles
 c - 6 bread rations
 d - 4 beef jerkies
 h - a royal jelly
 H - a meat ration


   Skills:
 * Level 8.9 Fighting
 * Level 11.4 Axes
 + Level 1.3 Throwing
 + Level 6.7 Armour
 + Level 4.7 Dodging
 + Level 0.6 Stealth


You had 8 spell levels left.
You didn't know any spells.

Dungeon Overview and Level Annotations

Branches:
Dungeon (7/15)
 Temple: D:4-7

Altars:
Cheibriados
Dithmenos
Elyvilon
Gozag
Kikubaaqudgha
Okawaru
Pakellas
Qazlal
Zin

Shops:
D:5 %   D:6 [


Innate Abilities, Weirdness & Mutations

You reflexively headbutt those who attack you in melee.
You have a pair of horns on your head.
You are partially covered in icy blue scales (AC +1).
You possess an exceptional clarity of mind.
Your flesh is heat resistant.


Message History

The orc warrior hits you with a hand axe.
* * * LOW HITPOINT WARNING * * *
You hit the orc warrior.
The orc warrior is moderately wounded.
You hit the orc warrior but do no damage.
Your headbutt misses the orc warrior.
The orc warrior is moderately wounded.
The orc warrior barely misses you.
You barely miss the orc warrior.
The orc warrior is moderately wounded.
The orc warrior barely misses you. You furiously retaliate!
You headbutt the orc warrior! You hit the orc warrior.
You headbutt the orc warrior, but do no damage.
The orc warrior is severely wounded.
The orc warrior hits you but does no damage.
You closely miss the orc warrior. Your headbutt misses the orc warrior.
The orc warrior is severely wounded.
The orc warrior hits you with a hand axe.
You die...

≈≈≈≈≈≈....o≈≈≈≈≈≈≈
≈≈≈≈≈≈....≈≈≈≈≈≈≈≈
........(.........
######''''########
#.(..# #....# #.(..#
##++#######.(..#
#......@o.#.(..#
+.........'....'..8#
#.........'....'..8#
#.........#8..8#....
####################


You could see an orc warrior.

Vanquished Creatures
  Pikel (D:4)
  The ghost of dobroeutro the Ducker, a novice DsMo of Makhleb (D:6)
  Sigmund (D:3)
  4 wargs (D:7)
  A sky beast (D:5)
  A slave (D:4)
  A phantom (D:4)
  An orc warrior (D:6)
  4 ogres
  A big kobold (D:7)
  3 scorpions
  A jelly (D:7)
  A crimson imp (D:6)
  A giant frog zombie (D:5)
  3 hounds
  2 orc priests (D:3)
  2 orc wizards
  5 worker ants
  10 adders
  An adder zombie (D:5)
  2 worms
  3 dart slugs
  A giant gecko (D:2)
  31 orcs
  A ball python (D:1)
  5 giant cockroaches
  12 goblins
  12 hobgoblins
  12 jackals
  3 quokkas
  9 bats
  A giant gecko zombie (D:7)
  2 giant newts
  18 kobolds
  A quokka skeleton (D:4)
  A quokka zombie (D:6)
  5 rats
  A butterfly (D:7)
165 creatures vanquished.

Vanquished Creatures (others)
  A quokka (D:4)
1 creature vanquished.

Grand Total: 166 creatures vanquished

Notes
Turn   | Place    | Note
--------------------------------------------------------------
     0 | D:1      | andalon the Minotaur Berserker began the quest for the Orb.
     0 | D:1      | Reached XP level 1. HP: 19/19 MP: 0/0
   104 | D:1      | Reached skill level 4 in Axes
   355 | D:1      | Reached XP level 2. HP: 27/27 MP: 1/1
  1398 | D:1      | Gained mutation: You possess an exceptional clarity of mind. [potion of mutation]
  1398 | D:1      | Gained mutation: You are partially covered in icy blue scales (AC +1). [potion of mutation]
  1398 | D:1      | Gained mutation: Your flesh is heat resistant. [potion of mutation]
  1455 | D:2      | Found a white marble altar of Elyvilon.
  1511 | D:2      | Reached ** piety under Trog
  1511 | D:2      | Reached XP level 3. HP: 33/33 MP: 2/2
  1527 | D:2      | Found an ancient bone altar of Kikubaaqudgha.
  1605 | D:2      | Found a glowing silver altar of Zin.
  2022 | D:3      | Reached skill level 5 in Axes
  2025 | D:3      | Reached XP level 4. HP: 36/41 MP: 3/3
  2198 | D:3      | Reached *** piety under Trog
  2203 | D:3      | Reached XP level 5. HP: 39/47 MP: 4/4
  2361 | D:3      | Reached skill level 5 in Fighting
  2374 | D:3      | HP: 1/48 [orc priest/divine providence (12)]
  2586 | D:2      | Reached skill level 6 in Axes
  2876 | D:3      | Found an oddly glowing altar of Pakellas.
  2906 | D:3      | Noticed Sigmund
  2915 | D:3      | Killed Sigmund
  2915 | D:3      | Reached XP level 6. HP: 55/56 MP: 5/5
  3191 | D:4      | Noticed a slave
  3193 | D:4      | Reached skill level 7 in Axes
  3204 | D:4      | Killed a slave
  3220 | D:4      | Noticed Pikel
  3224 | D:4      | Noticed a slave
  3225 | D:4      | Noticed a slave
  3226 | D:4      | Noticed a slave
  3229 | D:4      | Killed Pikel
  3229 | D:4      | Reached skill level 8 in Axes
  3229 | D:4      | Reached skill level 1 in Throwing
  3229 | D:4      | Reached XP level 7. HP: 54/64 MP: 6/6
  3409 | D:4      | Reached XP level 8. HP: 65/71 MP: 7/7
  3744 | D:4      | Received a gift from Trog
  3882 | D:4      | Reached skill level 9 in Axes
  3882 | D:4      | Reached skill level 5 in Armour
  3886 | D:4      | Reached **** piety under Trog
  4123 | D:5      | Entered Level 5 of the Dungeon
  4383 | D:5      | Found Zyjoem's Food Boutique.
  4536 | D:5      | Found an opulent altar of Gozag.
  4785 | D:6      | Noticed dobroeutro's ghost (novice DsMo)
  4806 | D:6      | Killed dobroeutro's ghost
  4806 | D:6      | Reached skill level 10 in Axes
  4806 | D:6      | Reached XP level 9. HP: 75/81 MP: 8/8
  4892 | D:6      | Found Ypeduicaiff's Armour Boutique.
  5017 | D:6      | Found an iron altar of Okawaru.
  5148 | D:6      | Found a stormy altar of Qazlal.
  5536 | D:7      | Identified a scroll of acquirement
  5552 | D:7      | Found a shadowy altar of Dithmenos.
  5569 | D:7      | Received a gift from Trog
  5589 | D:7      | Reached skill level 11 in Axes
  5906 | D:7      | Found a snail-covered altar of Cheibriados.
  6305 | D:7      | Noticed an orc knight
  6305 | D:7      | Noticed an orc knight
  6342 | D:7      | HP: 3/82 [orc warrior/hand axe (6)]
  6349 | D:7      | Slain by an orc warrior

Vault maps used:
D:1:      lightli_arrival_statue_moat
D:2:      kiku_gazebo_pond_becter, lemuel_doored_altar, elyvilon_altar_3
D:3:      grunt_pakellas_sulfur, uniq_sigmund
D:4:      minmay_goblin_outpost, uniq_pikel
D:5:      nicolae_overflow_hidden_temple, kennysheep_little_box, serial_shops,
          shop, first_bread, kennysheep_decorative_pillar
D:6:      old_standard_altar, grunt_qazlal_clouds, serial_shops,
          nicolae_shop_waterfront
D:7:      lemuel_castle_with_subvaults, slow_altar_1,
          nicolae_dithmenos_the_darkroom, minmay_temple_entry_butterflies,
          serial_shops, shop_statue, lemuel_centaur_altar

Skill      XL: |  1  2  3  4  5  6  7  8  9 |
---------------+----------------------------+-----
Axes           | 4 5 6 8 10 11 | 11.4
Fighting       | 4 5 6 7 8 |  8.9
Armour         | 3 4 5 6 |  6.7
Dodging        | 3 4 |  4.7
Throwing       | 1 |  1.3
Stealth        | |  0.6

Action                   |  1- 3 |  4- 6 |  7- 9 || total
-------------------------+-------+-------+-------++-------
Melee: Hand axe          |    58 |       |       ||    58
       War axe           |    30 |   108 |   212 ||   350
Throw: Tomahawk          |       |     5 |     2 ||     7
       Stone             |       |       |     2 ||     2
  Use: Potion            |     6 |     2 |     1 ||     9
       Scroll            |     4 |     2 |    14 ||    20
 Stab: Distracted        |       |       |     1 ||     1
  Eat: Pizza             |     1 |       |       ||     1
       Chunk             |     2 |     4 |     9 ||    15
       Royal jelly       |       |       |     1 ||     1
